Map: Disco Bloodbath LE

Players

Scarlett

  • Race: Zerg Zerg
  • Spawn Location: 9:00

SKillous - Winner!

  • Race: Protoss Protoss
  • League: Master
  • Spawn Location: 3:00

Event: NationWars 2019

VOD

Have the link to the VOD?

Description

Time

  • Played on: Nov. 15, 2019, 2:59 p.m.
  • Length: 9:46

All games in this series

Show
View Real Time Build Order
Export as new Build Order

Scarlett Zerg 

Build Orders: Hatch First, Lurkers 

Get SALT Encoding   

  12  0:01  Drone  
  13  0:12  Overlord  
  13  0:17  Drone  
  14  0:31  Drone x2  
  16  0:47  Hatchery  
  15  0:51  Drone  
  15  0:54  Drone  
  17  0:57  Drone  
  18  1:08  Extractor  
  17  1:12  Spawning Pool  
  17  1:16  Drone  
  17  1:19  Drone  
  18  1:28  Drone  
  19  1:38  Drone  
  20  1:49  Drone  
  21  1:59  Queen x2  
  21  2:00  Zergling x2, Overlord  
  26  2:09  Metabolic Boost  
  26  2:11  Drone x2  
  28  2:21  Drone  
  30  2:22  Drone  
  30  2:32  Drone  
  30  2:35  Hatchery  
  30  2:41  Queen  
  32  2:46  Overlord  
  32  2:48  Zergling x2  
  33  2:52  Drone  
  33  2:54  Zergling x2  
  35  2:59  Zergling x2  
  36  3:09  Drone x7  
  43  3:13  Drone  
  43  3:17  Overlord  
  44  3:22  Overlord  
  44  3:28  Overlord  
  44  3:35  Queen x2  
  47  3:42  Spore Crawler, Drone  
  47  3:44  Drone  
  47  3:46  Drone x3  
  51  3:54  Drone  
  51  3:55  Drone x4  
  55  3:58  Spore Crawler  
  55  4:00  Drone  
  55  4:01  Drone  
  54  4:09  Drone x4  
  58  4:13  Lair  
  58  4:14  Drone  
  58  4:16  Drone  
  60  4:18  Drone  
  60  4:21  Evolution Chamber  
  60  4:23  Drone x3  
  63  4:26  Drone, Extractor  
  63  4:27  Extractor  
  63  4:29  Zergling x2  
  63  4:30  Zergling x2  
  64  4:33  Drone x2  
  64  4:35  Extractor  
  64  4:37  Drone, Extractor  
  64  4:38  Drone  
  66  4:40  Overlord  
  66  4:43  Overlord  
  66  4:50  Zerg Melee Weapons Level 1  
  66  4:54  Overlord  
  66  5:00  Drone x7  
  66  5:05  Drone x3, Overlord  
  76  5:09  Queen  
  76  5:10  Drone  
  76  5:13  Hydralisk Den  
  78  5:16  Drone  
  78  5:17  Drone x6  
  85  5:21  Extractor  
  85  5:23  Overlord  
  85  5:27  Overlord  
  84  5:30  Zergling x2  
  84  5:32  Overseer  
  84  5:33  Zergling x2  
  84  5:34  Overlord x3  
  85  5:45  Hydralisk  
  85  5:46  Hydralisk x4  
  85  5:48  Muscular Augments  
  95  5:52  Hydralisk  
  95  5:53  Lurker Den  
  95  5:56  Hydralisk  
  95  5:57  Hydralisk x2  
  102  6:15  Hydralisk x6  
  102  6:16  Zergling x10  
  95  6:28  Hydralisk x4  
  95  6:29  Zergling x2  
  97  6:35  Hydralisk x2  
  94  6:42  Hydralisk x2  
  94  6:43  Zergling x2  
  73  7:02  Drone  
  73  7:03  Drone x10  
  73  7:08  Drone x3  
  87  7:15  Drone x4  
  91  7:21  Lurker x2  
  93  7:24  Drone x4  
  93  7:29  Drone x3  
  100  7:31  Zerg Missile Weapons Level 1  
  100  7:35  Drone  
  100  7:36  Queen  
  103  7:42  Queen  
  103  7:44  Queen  
  105  7:47  Drone x3  
  110  7:55  Hydralisk x4  
  118  7:59  Infestation Pit  
  117  8:06  Hatchery  
  117  8:07  Lurker x2  
  117  8:11  Drone  
  119  8:13  Drone x4  
  119  8:19  Queen  
  124  8:20  Hydralisk x2  
  124  8:24  Extractor  
  124  8:25  Hydralisk  
  124  8:26  Hydralisk  
  131  8:29  Extractor  
  131  8:31  Overlord  
  130  8:34  Hydralisk  
  130  8:37  Drone  
  130  8:38  Spore Crawler  
  131  8:47  Lurker  
  131  8:48  Lurker x2  
  132  8:55  Hydralisk x3  
  132  8:56  Hydralisk x3  
  144  9:09  Overlord x4  
  123  9:22  Hydralisk x7  
Show
View Real Time Build Order
Export as new Build Order

SKillous Protoss - Winner!

Build Orders: 1 Gate Expand, Oracle Opening, Phoenix Opening, Zealot Archon, Archon Drop 

Get SALT Encoding   

  12  0:00  Probe  
  13  0:12  Probe  
  14  0:20  Pylon  
  14  0:24  Probe  
  15  0:30  Assimilator  
  15  0:38  Probe (Chrono Boost)  
  16  0:43  Gateway  
  17  0:50  Probe (Chrono Boost)  
  17  0:56  Probe (Chrono Boost)  
  18  1:04  Probe  
  19  1:16  Probe  
  20  1:23  Nexus  
  20  1:32  Cybernetics Core  
  20  1:35  Probe  
  21  1:40  Assimilator  
  22  1:47  Probe  
  22  1:50  Pylon  
  22  1:59  Probe  
  23  2:05  Adept (Chrono Boost)  
  23  2:11  Probe  
  23  2:13  Stargate  
  26  2:20  Warp Gate  
  26  2:23  Probe  
  29  2:35  Adept (Chrono Boost), Probe (Chrono Boost)  
  31  2:40  Probe (Chrono Boost)  
  32  2:45  Probe (Chrono Boost)  
  32  2:49  Probe (Chrono Boost)  
  32  2:50  Probe (Chrono Boost)  
  33  2:56  Phoenix (Chrono Boost)  
  36  2:59  Probe  
  36  3:01  Probe  
  38  3:11  Probe  
  39  3:12  Gateway  
  39  3:13  Probe  
  39  3:15  Pylon  
  40  3:20  Oracle (Chrono Boost)  
  40  3:23  Probe  
  40  3:26  Probe  
  45  3:31  Robotics Facility  
  45  3:36  Probe  
  45  3:37  Pylon  
  45  3:41  Probe (Chrono Boost), Assimilator  
  45  3:44  Assimilator  
  45  3:48  Probe (Chrono Boost)  
  49  3:56  Pylon  
  49  3:57  Pylon, Probe x2 (Chrono Boost)  
  48  4:02  Probe (Chrono Boost)  
  48  4:04  Probe  
  48  4:08  Adept  
  48  4:09  Twilight Council  
  50  4:14  Probe  
  50  4:15  Gateway  
  50  4:16  Gateway  
  51  4:19  Probe  
  52  4:27  Gateway  
  52  4:30  Gateway  
  52  4:33  Warp Prism  
  54  4:39  Charge (Chrono Boost)  
  54  4:41  Adept  
  54  4:42  Adept  
  58  4:52  Templar Archives  
  58  5:02  Nexus  
  58  5:05  Pylon  
  58  5:06  Probe  
  59  5:20  Probe  
  61  5:23  Zealot x2  
  61  5:25  Pylon  
  61  5:26  Pylon  
  64  5:36  High Templar x3  
  64  5:39  Pylon  
  64  5:40  Pylon, Archon  
  70  5:43  Probe x2, High Templar  
  70  5:44  Forge  
  70  5:46  Zealot  
  70  5:47  Zealot  
  70  5:48  Archon  
  78  5:55  Probe (Chrono Boost)  
  80  6:01  Probe (Chrono Boost)  
  81  6:04  Probe (Chrono Boost)  
  81  6:08  Probe (Chrono Boost)  
  81  6:09  Probe (Chrono Boost)  
  81  6:10  Zealot x4  
  91  6:21  Zealot x2  
  91  6:22  Probe  
  91  6:24  Probe  
  91  6:29  Probe (Chrono Boost)  
  82  6:33  Protoss Ground Weapons Level 1 (Chrono Boost)  
  82  6:34  Probe (Chrono Boost)  
  82  6:37  Zealot x4  
  88  6:44  Probe (Chrono Boost)  
  84  6:50  Zealot x2  
  84  6:52  Probe (Chrono Boost), Immortal (Chrono Boost)  
  84  6:59  Probe, Sentry x2  
  78  7:07  Gateway  
  74  7:08  Gateway  
  74  7:10  High Templar x2  
  74  7:11  High Templar x2, Gateway  
  74  7:12  Gateway  
  82  7:17  Archon x2, Shield Battery  
  82  7:19  Shield Battery  
  82  7:21  Immortal (Chrono Boost)  
  83  7:30  Pylon  
  83  7:31  Zealot x2  
  83  7:35  Pylon  
  87  7:46  High Templar  
  87  7:47  Zealot x3  
  87  7:50  Warp Prism (Chrono Boost)  
  95  7:55  High Templar  
  95  7:56  Zealot  
  101  7:58  Pylon  
  101  8:01  Archon  
  101  8:03  Zealot  
  101  8:04  Pylon  
  103  8:06  Zealot x3  
  103  8:07  Zealot x3  
  115  8:16  Pylon  
  115  8:19  Observer  
  116  8:21  Oracle  
  116  8:23  Zealot x2  
  116  8:24  Zealot  
  125  8:28  Assimilator  
  125  8:29  Robotics Facility, Assimilator  
  128  8:37  Zealot x3  
  128  8:38  Zealot  
  128  8:39  Zealot x3  
  128  8:40  Observer  
  140  8:42  Probe x2  
  140  8:43  Probe  
  143  9:02  Observer  
  142  9:08  Zealot x7  
  138  9:24  Probe  
  138  9:25  Zealot x3  
  138  9:27  Probe  
Tags
 
Add a new tag
Caveats
  • Supply blocks, unpowered buildings, or Contaminate may cause inaccurate times.
  • Supply counts are checked every 10 seconds.